General information
- name: BNet
- type: Ladder team game (AT/RT)
- host: Battle.net
- saver: kunt.roII
map: UpperKingdom
- players: 6
- length: 106:41
- speed: Fast
- version: 1.23 W3XP
- replay type: Public
» download(875 KB)
Players
team 1 (winner)
bia-bia-bia (
yellow | 57 APM | 6104 actions | 106:35)
9 Blademaster
3 Wind Walk
3 Critical Strike
1 Bladestorm
2 Mirror Image
» actions
| Assign group hotkey | 18 | |
| Basic commands | 32 | |
| Build / train | 69 | |
| ESC pressed | 12 | |
| Enter build submenu | 88 | |
| Enter hero's abilities submenu | 9 | |
| Give item / drop item | 3 | |
| Right click | 4619 | |
| Select / deselect | 532 | |
| Select group hotkey | 285 | |
| Use ability | 436 | |
6104 total
» units
| Peon | 17 | |
| Grunt | 3 | |
| Troll Batrider | 18 | |
| Troll Witch Doctor | 1 | |
39 total
» upgrades
| Reinforced Defenses | 1 | |
| Armor | 2 | |
| Troll Regeneration | 1 | |
| Shaman Training | 2 | |
| Witch Doctor Training | 2 | |
| Spirit Walker Training | 1 | |
| Ranged Weapons | 1 | |
10 total
» buildings
| Altar of Storms | 2 | |
| Orc Burrow | 5 | |
| War Mill | 1 | |
| Watch Tower | 63 | |
| Barracks | 1 | |
| Voodoo Lounge | 1 | |
| Stronghold | 1 | |
| Fortress | 1 | |
| Beastiary | 2 | |
| Great Hall | 6 | |
| Spirit Lodge | 1 | |
84 total
» build order
00:06 Altar of Storms
00:21 Orc Burrow
00:41 War Mill
01:55 Orc Burrow
01:59 Watch Tower
02:14 Watch Tower
02:37 Watch Tower
03:24 Watch Tower
03:38 Watch Tower
03:45 Watch Tower
04:15 Watch Tower
04:27 Barracks
04:35 Voodoo Lounge
04:50 Watch Tower
05:15 Stronghold
05:27 Watch Tower
06:02 Watch Tower
06:04 Watch Tower
06:49 Orc Burrow
07:09 Watch Tower
08:13 Watch Tower
08:25 Fortress
09:34 Watch Tower
09:43 Watch Tower
09:44 Watch Tower
09:46 Watch Tower
10:07 Beastiary
10:09 Beastiary
10:21 Watch Tower
10:23 Watch Tower
10:26 Watch Tower
10:29 Great Hall
10:51 Orc Burrow
11:13 Watch Tower
11:16 Watch Tower
11:31 Watch Tower
11:45 Watch Tower
11:53 Watch Tower
11:56 Watch Tower
13:01 Watch Tower
14:09 Watch Tower
14:39 Watch Tower
15:13 Watch Tower
16:14 Watch Tower
16:15 Watch Tower
16:16 Watch Tower
16:30 Watch Tower
16:48 Great Hall
16:51 Watch Tower
17:01 Watch Tower
17:26 Watch Tower
17:37 Watch Tower
18:20 Watch Tower
18:21 Watch Tower
18:32 Watch Tower
18:53 Watch Tower
18:56 Watch Tower
19:39 Spirit Lodge
20:03 Watch Tower
20:06 Watch Tower
20:37 Great Hall
25:45 Great Hall
27:07 Watch Tower
27:09 Watch Tower
27:11 Watch Tower
27:12 Watch Tower
27:16 Watch Tower
27:18 Watch Tower
27:37 Watch Tower
27:43 Watch Tower
30:20 Watch Tower
30:23 Watch Tower
30:26 Watch Tower
31:01 Watch Tower
31:03 Watch Tower
31:05 Watch Tower
31:09 Watch Tower
31:11 Watch Tower
31:34 Watch Tower
31:38 Watch Tower
37:40 Great Hall
41:25 Great Hall
42:39 Orc Burrow
50:44 Altar of Storms
» items
| Healing Salve | 2 | |
| Lesser Clarity Potion | 3 | |
| Orb of Lightning | 1 | |
| Scroll of Town Portal | 2 | |
8 total
kunt.roII (
blue | 112 APM | 11996 actions | 106:41)
7 Archmage
3 Blizzard
3 Brilliance Aura
1 Mass Teleport
6 Blood Mage
3 Flame Strike
1 Siphon Mana
1 Banish
1 Summon Phoenix
5 Dark Ranger
3 Silence
2 Life Drain
» actions
| Assign group hotkey | 48 | |
| Basic commands | 249 | |
| Build / train | 230 | |
| ESC pressed | 15 | |
| Enter build submenu | 151 | |
| Enter hero's abilities submenu | 18 | |
| Give item / drop item | 11 | |
| Right click | 4967 | |
| Select / deselect | 777 | |
| Select group hotkey | 4744 | |
| Use ability | 786 | |
11996 total
» units
| Peasant | 38 | |
| Magnataur Warrior | 3 | |
| Priest | 8 | |
| Sorceress | 6 | |
55 total
» upgrades
| Masonry | 3 | |
| Magic Sentry | 1 | |
| Sorceress Training | 3 | |
| Priest Training | 2 | |
| Lumber Harvesting | 2 | |
11 total
» buildings
| Altar of Kings | 1 | |
| Farm | 5 | |
| Lumber Mill | 1 | |
| Scout Tower | 216 | |
| Arcane Tower | 14 | |
| Arcane Vault | 1 | |
| Guard Tower | 90 | |
| Keep | 2 | |
| Castle | 1 | |
| Arcane Sanctum | 1 | |
| Town Hall | 7 | |
339 total
» build order
00:17 Altar of Kings
00:22 Farm
00:52 Lumber Mill
00:57 Farm
01:24 Scout Tower
01:50 Arcane Tower
01:50 Arcane Tower
01:53 Farm
02:06 Scout Tower
02:08 Scout Tower
02:28 Arcane Vault
02:38 Guard Tower
02:44 Scout Tower
03:57 Keep
03:58 Keep
03:59 Guard Tower
04:00 Scout Tower
04:01 Scout Tower
04:30 Guard Tower
04:34 Guard Tower
04:40 Farm
04:42 Farm
05:03 Scout Tower
05:06 Scout Tower
05:23 Scout Tower
05:25 Scout Tower
06:10 Guard Tower
06:12 Scout Tower
06:13 Scout Tower
06:14 Scout Tower
06:46 Castle
07:10 Arcane Sanctum
07:19 Guard Tower
07:20 Scout Tower
07:21 Scout Tower
07:28 Scout Tower
07:29 Scout Tower
07:32 Scout Tower
07:35 Scout Tower
07:54 Guard Tower
08:03 Guard Tower
08:07 Arcane Tower
08:08 Arcane Tower
09:17 Arcane Tower
09:17 Arcane Tower
11:58 Scout Tower
11:59 Scout Tower
11:59 Scout Tower
12:00 Scout Tower
12:49 Guard Tower
13:07 Guard Tower
13:07 Guard Tower
13:10 Scout Tower
13:10 Scout Tower
13:11 Scout Tower
13:11 Scout Tower
14:20 Guard Tower
14:25 Scout Tower
14:26 Scout Tower
14:34 Scout Tower
14:35 Scout Tower
14:37 Scout Tower
14:38 Scout Tower
15:21 Guard Tower
16:28 Scout Tower
16:29 Scout Tower
16:31 Scout Tower
16:32 Scout Tower
16:32 Scout Tower
16:32 Scout Tower
16:47 Scout Tower
16:48 Scout Tower
18:39 Guard Tower
18:42 Scout Tower
18:43 Scout Tower
18:43 Scout Tower
18:57 Scout Tower
18:58 Scout Tower
19:38 Guard Tower
19:41 Scout Tower
19:42 Scout Tower
19:43 Scout Tower
21:38 Town Hall
22:43 Scout Tower
22:44 Scout Tower
22:51 Scout Tower
22:52 Scout Tower
22:54 Scout Tower
22:54 Scout Tower
22:55 Scout Tower
23:24 Guard Tower
23:28 Scout Tower
25:18 Scout Tower
25:18 Scout Tower
25:21 Guard Tower
25:23 Scout Tower
25:24 Scout Tower
26:25 Arcane Tower
27:31 Guard Tower
28:33 Scout Tower
28:33 Scout Tower
28:34 Scout Tower
28:34 Scout Tower
30:33 Scout Tower
30:33 Scout Tower
30:34 Scout Tower
30:36 Guard Tower
30:37 Guard Tower
30:37 Guard Tower
31:19 Town Hall
31:23 Town Hall
31:37 Town Hall
31:38 Scout Tower
31:42 Guard Tower
31:42 Guard Tower
31:43 Scout Tower
31:44 Scout Tower
31:44 Scout Tower
31:45 Scout Tower
31:46 Scout Tower
31:46 Scout Tower
31:47 Scout Tower
32:01 Scout Tower
32:01 Scout Tower
32:04 Scout Tower
32:05 Scout Tower
32:05 Scout Tower
32:06 Scout Tower
32:06 Scout Tower
32:07 Scout Tower
32:08 Scout Tower
32:09 Scout Tower
32:09 Scout Tower
32:10 Scout Tower
32:10 Scout Tower
32:10 Scout Tower
32:11 Scout Tower
33:01 Guard Tower
33:03 Guard Tower
33:44 Scout Tower
33:45 Scout Tower
33:45 Scout Tower
33:46 Scout Tower
33:53 Scout Tower
33:55 Guard Tower
34:12 Scout Tower
34:13 Scout Tower
34:14 Scout Tower
34:14 Scout Tower
34:15 Scout Tower
34:16 Scout Tower
34:18 Scout Tower
34:19 Scout Tower
34:19 Scout Tower
34:20 Scout Tower
34:21 Scout Tower
34:21 Scout Tower
34:36 Guard Tower
35:31 Guard Tower
35:33 Scout Tower
35:34 Scout Tower
35:35 Scout Tower
35:35 Scout Tower
35:36 Scout Tower
35:36 Scout Tower
35:46 Guard Tower
35:52 Scout Tower
35:52 Scout Tower
36:06 Guard Tower
36:13 Guard Tower
36:13 Guard Tower
36:40 Guard Tower
36:41 Guard Tower
36:49 Scout Tower
36:49 Scout Tower
36:50 Scout Tower
36:51 Scout Tower
38:54 Guard Tower
38:54 Guard Tower
40:27 Scout Tower
40:27 Scout Tower
40:28 Scout Tower
40:28 Scout Tower
41:21 Scout Tower
41:21 Scout Tower
41:22 Scout Tower
41:23 Scout Tower
41:23 Scout Tower
41:24 Scout Tower
41:26 Guard Tower
41:29 Guard Tower
41:29 Guard Tower
42:26 Guard Tower
42:27 Guard Tower
42:31 Scout Tower
42:32 Scout Tower
42:32 Scout Tower
42:33 Scout Tower
42:34 Scout Tower
42:34 Scout Tower
42:35 Scout Tower
43:20 Guard Tower
43:20 Guard Tower
43:51 Scout Tower
43:52 Scout Tower
43:52 Scout Tower
43:53 Scout Tower
43:53 Scout Tower
43:55 Guard Tower
43:55 Guard Tower
44:28 Guard Tower
44:29 Guard Tower
44:44 Scout Tower
44:44 Scout Tower
45:49 Guard Tower
45:54 Scout Tower
45:55 Scout Tower
45:55 Scout Tower
45:56 Scout Tower
45:57 Scout Tower
45:58 Scout Tower
45:58 Scout Tower
45:59 Scout Tower
46:01 Scout Tower
46:02 Scout Tower
46:02 Scout Tower
46:03 Scout Tower
47:28 Guard Tower
47:28 Guard Tower
47:40 Scout Tower
47:40 Scout Tower
49:06 Town Hall
50:05 Town Hall
51:59 Town Hall
52:15 Scout Tower
52:16 Scout Tower
52:16 Scout Tower
52:17 Scout Tower
52:17 Scout Tower
52:18 Scout Tower
52:59 Guard Tower
53:07 Scout Tower
53:10 Scout Tower
53:12 Scout Tower
53:13 Scout Tower
53:28 Scout Tower
53:29 Scout Tower
53:37 Guard Tower
53:37 Guard Tower
53:49 Guard Tower
53:49 Guard Tower
54:30 Guard Tower
54:30 Guard Tower
54:34 Scout Tower
54:34 Scout Tower
54:36 Scout Tower
54:37 Scout Tower
56:56 Guard Tower
56:57 Guard Tower
60:07 Scout Tower
60:08 Scout Tower
60:18 Scout Tower
60:18 Scout Tower
60:19 Scout Tower
60:20 Scout Tower
60:20 Scout Tower
60:21 Scout Tower
60:56 Arcane Tower
61:58 Guard Tower
63:58 Guard Tower
70:16 Scout Tower
70:17 Scout Tower
70:17 Scout Tower
70:24 Scout Tower
70:25 Scout Tower
70:27 Scout Tower
70:28 Scout Tower
70:29 Scout Tower
70:31 Scout Tower
70:32 Scout Tower
70:34 Scout Tower
70:36 Guard Tower
70:37 Guard Tower
70:46 Scout Tower
70:55 Guard Tower
71:21 Guard Tower
71:28 Arcane Tower
77:06 Scout Tower
77:50 Arcane Tower
78:32 Scout Tower
79:52 Arcane Tower
79:55 Scout Tower
80:29 Arcane Tower
81:24 Scout Tower
81:25 Scout Tower
81:58 Guard Tower
82:19 Arcane Tower
98:30 Scout Tower
98:31 Scout Tower
98:31 Scout Tower
98:32 Scout Tower
99:15 Scout Tower
99:16 Scout Tower
99:21 Scout Tower
99:22 Scout Tower
99:22 Scout Tower
99:23 Scout Tower
99:24 Scout Tower
99:26 Guard Tower
99:26 Guard Tower
100:13 Guard Tower
100:13 Guard Tower
100:15 Guard Tower
100:15 Guard Tower
100:33 Scout Tower
100:34 Scout Tower
100:36 Scout Tower
100:36 Scout Tower
100:37 Scout Tower
100:38 Scout Tower
» items
| Lesser Clarity Potion | 4 | |
| Potion of Healing | 4 | |
| Scroll of Regeneration | 3 | |
| Scroll of Town Portal | 17 | |
| Staff of Sanctuary | 3 | |
| Potion of Mana | 1 | |
| Orb of Lightning | 1 | |
| Orb of Fire | 1 | |
34 total
MrFrosty (
purple | 85 APM | 9061 actions | 106:35)
7 Archmage
3 Blizzard
3 Brilliance Aura
1 Mass Teleport
8 Mountain King
3 Storm Bolt
3 Bash
1 Thunder Clap
1 Avatar
6 Paladin
3 Holy Light
3 Divine Shield
» actions
| Assign group hotkey | 26 | |
| Basic commands | 72 | |
| Build / train | 124 | |
| ESC pressed | 9 | |
| Enter build submenu | 66 | |
| Enter hero's abilities submenu | 23 | |
| Give item / drop item | 14 | |
| Right click | 5294 | |
| Select / deselect | 1697 | |
| Select group hotkey | 1209 | |
| Use ability | 524 | |
9061 total
» units
| Peasant | 20 | |
| Magnataur Warrior | 2 | |
| Priest | 4 | |
| Barbed Arachnathid | 1 | |
| Sorceress | 5 | |
32 total
» upgrades
| Masonry | 3 | |
| Lumber Harvesting | 2 | |
| Magic Sentry | 1 | |
| Sorceress Training | 2 | |
| Priest Training | 2 | |
| Backpack | 1 | |
11 total
» buildings
| Altar of Kings | 3 | |
| Farm | 13 | |
| Scout Tower | 64 | |
| Lumber Mill | 1 | |
| Arcane Tower | 11 | |
| Guard Tower | 23 | |
| Keep | 1 | |
| Arcane Vault | 1 | |
| Arcane Sanctum | 1 | |
| Castle | 1 | |
| Town Hall | 5 | |
124 total
» build order
00:07 Altar of Kings
00:19 Farm
00:20 Scout Tower
00:37 Lumber Mill
00:55 Arcane Tower
01:23 Farm
01:31 Scout Tower
02:00 Guard Tower
03:01 Scout Tower
03:02 Scout Tower
03:47 Guard Tower
03:48 Scout Tower
03:50 Keep
03:58 Arcane Vault
04:01 Guard Tower
04:19 Scout Tower
04:22 Arcane Tower
05:06 Guard Tower
05:07 Scout Tower
05:09 Farm
05:19 Scout Tower
06:00 Guard Tower
06:24 Arcane Sanctum
06:26 Farm
07:10 Farm
08:31 Scout Tower
08:35 Scout Tower
10:21 Arcane Tower
10:22 Guard Tower
10:29 Scout Tower
10:38 Scout Tower
10:41 Scout Tower
10:46 Scout Tower
10:47 Scout Tower
10:47 Scout Tower
10:48 Scout Tower
10:49 Scout Tower
11:25 Castle
11:32 Arcane Tower
11:33 Guard Tower
11:33 Guard Tower
11:46 Farm
11:51 Arcane Tower
12:00 Scout Tower
12:01 Scout Tower
12:03 Guard Tower
12:10 Scout Tower
12:55 Guard Tower
14:31 Scout Tower
14:32 Scout Tower
14:33 Scout Tower
14:34 Scout Tower
15:17 Arcane Tower
15:19 Guard Tower
17:29 Guard Tower
19:48 Scout Tower
19:49 Scout Tower
19:51 Scout Tower
19:52 Scout Tower
22:44 Guard Tower
22:49 Scout Tower
22:49 Scout Tower
22:50 Scout Tower
22:50 Scout Tower
22:51 Scout Tower
22:55 Scout Tower
22:57 Scout Tower
22:57 Scout Tower
23:33 Arcane Tower
23:34 Guard Tower
23:53 Guard Tower
26:31 Farm
26:39 Farm
27:21 Town Hall
27:25 Scout Tower
27:28 Scout Tower
27:31 Scout Tower
27:32 Scout Tower
27:34 Scout Tower
27:35 Scout Tower
28:04 Guard Tower
28:22 Arcane Tower
28:24 Guard Tower
29:30 Arcane Tower
30:21 Scout Tower
30:22 Scout Tower
30:24 Scout Tower
30:24 Scout Tower
30:25 Scout Tower
30:26 Scout Tower
30:27 Scout Tower
30:32 Scout Tower
30:32 Scout Tower
30:57 Altar of Kings
31:02 Guard Tower
31:55 Guard Tower
33:22 Scout Tower
33:23 Scout Tower
33:23 Scout Tower
33:24 Scout Tower
33:33 Scout Tower
33:34 Scout Tower
33:35 Scout Tower
33:36 Scout Tower
33:58 Guard Tower
34:16 Scout Tower
34:20 Arcane Tower
34:25 Arcane Tower
34:32 Guard Tower
34:36 Guard Tower
34:42 Scout Tower
34:43 Scout Tower
34:43 Scout Tower
34:51 Guard Tower
35:40 Town Hall
35:51 Altar of Kings
36:12 Farm
36:14 Farm
36:38 Town Hall
36:52 Farm
37:55 Farm
37:57 Farm
42:41 Town Hall
42:56 Town Hall
» items
| Healing Salve | 2 | |
| Lesser Clarity Potion | 2 | |
| Scroll of Speed | 1 | |
| Scroll of Regeneration | 1 | |
| Potion of Healing | 3 | |
| Staff of Sanctuary | 3 | |
| Scroll of Town Portal | 6 | |
| Orb of Lightning | 2 | |
| Potion of Mana | 1 | |
21 total
team 2 (loser)
EverlastingScar (
pink | 99 APM | 10384 actions | 104:56)
10 Blood Mage
3 Flame Strike
3 Siphon Mana
1 Summon Phoenix
3 Banish
2 Mountain King
1 Storm Bolt
1 Bash
» actions
| Assign group hotkey | 98 | |
| Basic commands | 41 | |
| Build / train | 216 | |
| ESC pressed | 26 | |
| Enter build submenu | 72 | |
| Enter hero's abilities submenu | 12 | |
| Remove unit from queue | 4 | |
| Right click | 4614 | |
| Select / deselect | 1644 | |
| Select group hotkey | 3360 | |
| Use ability | 296 | |
10384 total
» units
| Peasant | 51 | |
| Gryphon Rider | 29 | |
| Dragonhawk Rider | 16 | |
| Sorceress | 3 | |
99 total
» upgrades
| Masonry | 3 | |
| Magic Sentry | 1 | |
| Sorceress Training | 1 | |
| Storm Hammers | 1 | |
| Cloud | 1 | |
| Animal War Training | 1 | |
| Swords | 2 | |
| Armor | 3 | |
| Lumber Harvesting | 2 | |
15 total
» buildings
| Altar of Kings | 1 | |
| Lumber Mill | 1 | |
| Farm | 11 | |
| Scout Tower | 83 | |
| Arcane Tower | 3 | |
| Guard Tower | 35 | |
| Keep | 2 | |
| Arcane Sanctum | 1 | |
| Castle | 1 | |
| Arcane Vault | 1 | |
| Gryphon Aviary | 3 | |
| Barracks | 1 | |
| Blacksmith | 1 | |
| Town Hall | 6 | |
150 total
» build order
00:08 Altar of Kings
00:21 Lumber Mill
00:35 Farm
01:34 Farm
01:38 Scout Tower
01:41 Scout Tower
01:51 Scout Tower
02:06 Arcane Tower
02:08 Scout Tower
02:20 Guard Tower
02:38 Guard Tower
03:55 Scout Tower
04:29 Arcane Tower
04:56 Scout Tower
05:20 Keep
05:20 Keep
05:54 Guard Tower
05:58 Farm
06:10 Farm
06:52 Farm
08:28 Arcane Sanctum
08:33 Castle
09:22 Arcane Vault
09:50 Gryphon Aviary
09:52 Gryphon Aviary
09:54 Gryphon Aviary
09:57 Barracks
10:16 Farm
10:33 Farm
11:30 Blacksmith
12:20 Farm
16:59 Town Hall
17:14 Scout Tower
17:14 Scout Tower
17:15 Scout Tower
17:15 Scout Tower
17:26 Guard Tower
17:27 Guard Tower
17:30 Scout Tower
17:31 Scout Tower
17:31 Scout Tower
17:32 Guard Tower
17:37 Scout Tower
17:40 Scout Tower
17:53 Guard Tower
17:57 Scout Tower
17:59 Scout Tower
18:39 Guard Tower
18:50 Guard Tower
20:37 Scout Tower
20:38 Scout Tower
20:38 Scout Tower
20:38 Scout Tower
20:41 Scout Tower
21:18 Guard Tower
21:24 Scout Tower
21:24 Scout Tower
21:25 Scout Tower
21:26 Scout Tower
21:26 Scout Tower
22:26 Guard Tower
22:30 Town Hall
22:50 Arcane Tower
26:38 Farm
27:06 Farm
28:03 Farm
44:02 Scout Tower
44:03 Scout Tower
44:05 Scout Tower
44:07 Scout Tower
44:07 Scout Tower
44:28 Scout Tower
44:28 Scout Tower
44:29 Scout Tower
44:29 Scout Tower
44:30 Guard Tower
45:00 Guard Tower
45:12 Guard Tower
45:16 Town Hall
46:59 Scout Tower
47:08 Scout Tower
47:09 Scout Tower
47:10 Scout Tower
47:10 Scout Tower
47:29 Guard Tower
47:32 Scout Tower
47:43 Guard Tower
47:45 Scout Tower
48:24 Guard Tower
54:25 Scout Tower
54:25 Scout Tower
54:26 Scout Tower
54:27 Scout Tower
54:28 Scout Tower
54:37 Scout Tower
54:43 Scout Tower
55:09 Guard Tower
55:14 Guard Tower
55:18 Scout Tower
55:19 Scout Tower
55:21 Scout Tower
55:21 Scout Tower
55:22 Scout Tower
55:26 Scout Tower
56:53 Guard Tower
56:57 Town Hall
64:45 Scout Tower
64:46 Scout Tower
64:47 Scout Tower
64:48 Scout Tower
64:51 Scout Tower
64:51 Scout Tower
64:52 Scout Tower
65:49 Guard Tower
65:59 Town Hall
66:30 Guard Tower
67:41 Scout Tower
68:11 Scout Tower
68:12 Guard Tower
68:12 Guard Tower
68:41 Guard Tower
68:44 Scout Tower
69:22 Scout Tower
69:22 Scout Tower
69:22 Scout Tower
69:23 Scout Tower
69:24 Scout Tower
69:35 Guard Tower
69:47 Scout Tower
69:48 Scout Tower
69:48 Scout Tower
69:49 Scout Tower
70:00 Guard Tower
70:27 Guard Tower
70:43 Town Hall
70:48 Guard Tower
70:50 Scout Tower
70:53 Guard Tower
71:23 Guard Tower
81:28 Scout Tower
81:29 Scout Tower
81:32 Scout Tower
81:35 Scout Tower
81:37 Scout Tower
81:42 Scout Tower
81:45 Scout Tower
82:18 Guard Tower
82:23 Guard Tower
82:28 Guard Tower
82:28 Guard Tower
» items
| Healing Salve | 2 | |
| Scroll of Town Portal | 10 | |
| Scroll of Speed | 1 | |
| Lesser Clarity Potion | 4 | |
| Ivory Tower | 7 | |
| Scroll of Regeneration | 8 | |
| Potion of Healing | 4 | |
36 total
LacKnight (
green | 141 APM | 14613 actions | 103:41)
8 Blood Mage
3 Flame Strike
3 Siphon Mana
1 Summon Phoenix
1 Banish
3 Mountain King
2 Storm Bolt
1 Bash
1 Paladin
1 Holy Light
» actions
| Assign group hotkey | 406 | |
| Basic commands | 885 | |
| Build / train | 192 | |
| ESC pressed | 5 | |
| Enter build submenu | 73 | |
| Enter hero's abilities submenu | 13 | |
| Give item / drop item | 1 | |
| Right click | 5216 | |
| Select / deselect | 2228 | |
| Select group hotkey | 5216 | |
| Use ability | 378 | |
14613 total
» units
| Peasant | 21 | |
| Siege Engine | 19 | |
| Mortar Team | 12 | |
| Knight | 19 | |
71 total
» upgrades
| Masonry | 3 | |
| Gunpowder | 3 | |
| Armor | 3 | |
| Plating | 3 | |
| Flak Cannons | 1 | |
| Flying Machine Bombs | 1 | |
| Flare | 1 | |
| Fragmentation Shards | 1 | |
| Barrage | 1 | |
| Swords | 3 | |
| Lumber Harvesting | 2 | |
| Animal War Training | 1 | |
23 total
» buildings
| Altar of Kings | 1 | |
| Lumber Mill | 3 | |
| Farm | 15 | |
| Scout Tower | 32 | |
| Guard Tower | 8 | |
| Arcane Vault | 1 | |
| Keep | 2 | |
| Arcane Tower | 8 | |
| Castle | 3 | |
| Blacksmith | 1 | |
| Workshop | 3 | |
| Town Hall | 1 | |
| Barracks | 4 | |
82 total
» build order
00:07 Altar of Kings
00:21 Lumber Mill
00:35 Farm
01:07 Farm
01:14 Scout Tower
01:25 Farm
01:42 Guard Tower
01:51 Scout Tower
02:04 Scout Tower
02:08 Arcane Vault
02:25 Guard Tower
02:46 Guard Tower
02:48 Scout Tower
03:15 Guard Tower
03:17 Scout Tower
03:20 Scout Tower
03:57 Keep
03:57 Keep
03:58 Arcane Tower
03:59 Arcane Tower
04:01 Scout Tower
04:38 Arcane Tower
04:39 Arcane Tower
04:47 Scout Tower
04:48 Scout Tower
05:40 Farm
05:41 Farm
05:42 Farm
05:48 Arcane Tower
06:27 Castle
06:27 Castle
06:33 Blacksmith
07:33 Workshop
07:35 Workshop
07:41 Workshop
07:47 Farm
08:33 Farm
08:50 Farm
10:53 Farm
12:01 Farm
12:02 Farm
21:19 Farm
21:20 Farm
22:23 Farm
22:47 Scout Tower
22:48 Scout Tower
22:48 Scout Tower
23:57 Arcane Tower
23:57 Arcane Tower
23:58 Scout Tower
23:59 Scout Tower
23:59 Scout Tower
26:01 Guard Tower
26:03 Scout Tower
26:03 Scout Tower
26:04 Scout Tower
27:16 Scout Tower
27:20 Scout Tower
27:21 Scout Tower
27:22 Scout Tower
27:24 Scout Tower
27:25 Scout Tower
33:39 Town Hall
36:52 Scout Tower
36:52 Scout Tower
36:52 Scout Tower
36:53 Scout Tower
36:55 Scout Tower
36:55 Scout Tower
36:56 Scout Tower
37:25 Guard Tower
37:25 Guard Tower
73:27 Lumber Mill
76:28 Barracks
76:30 Barracks
76:31 Barracks
76:39 Barracks
79:41 Lumber Mill
» items
| Lesser Clarity Potion | 9 | |
| Healing Salve | 2 | |
| Scroll of Speed | 1 | |
| Scroll of Town Portal | 4 | |
| Staff of Sanctuary | 1 | |
| Potion of Healing | 1 | |
| Scroll of Regeneration | 1 | |
19 total
NoBodyCanRapeMe (
red | 127 APM | 13532 actions | 106:34)
10 Blademaster
3 Wind Walk
3 Critical Strike
1 Bladestorm
3 Mirror Image
1 Shadow Hunter
1 Hex
» actions
| Assign group hotkey | 90 | |
| Basic commands | 74 | |
| Build / train | 139 | |
| ESC pressed | 1 | |
| Enter build submenu | 42 | |
| Enter hero's abilities submenu | 12 | |
| Give item / drop item | 3 | |
| Remove unit from queue | 4 | |
| Right click | 6576 | |
| Select / deselect | 1237 | |
| Select group hotkey | 4769 | |
| Use ability | 585 | |
13532 total
» units
| Peon | 15 | |
| Raider | 7 | |
| Troll Witch Doctor | 14 | |
| Shaman | 5 | |
| Wind Rider | 9 | |
| Kodo Beast | 2 | |
| Tauren | 7 | |
| Spirit Walker | 6 | |
65 total
» upgrades
| Ensnare | 1 | |
| Witch Doctor Training | 2 | |
| Shaman Training | 2 | |
| Ranged Weapons | 3 | |
| Reinforced Defenses | 1 | |
| Armor | 3 | |
| War Drums Damage Increase | 1 | |
| Envenomed Spears | 1 | |
| Liquid Fire | 1 | |
| Pulverize | 1 | |
| Spirit Walker Training | 2 | |
18 total
» buildings
| Altar of Storms | 1 | |
| Orc Burrow | 11 | |
| War Mill | 1 | |
| Voodoo Lounge | 1 | |
| Watch Tower | 14 | |
| Stronghold | 4 | |
| Fortress | 3 | |
| Spirit Lodge | 1 | |
| Beastiary | 5 | |
| Barracks | 1 | |
| Tauren Totem | 4 | |
| Great Hall | 1 | |
47 total
» build order
00:04 Altar of Storms
00:20 Orc Burrow
00:51 War Mill
01:05 Voodoo Lounge
02:06 Watch Tower
02:19 Watch Tower
02:37 Watch Tower
03:15 Stronghold
03:15 Stronghold
03:15 Stronghold
03:57 Watch Tower
04:39 Orc Burrow
05:59 Fortress
05:59 Fortress
05:59 Fortress
06:06 Spirit Lodge
06:15 Beastiary
10:02 Orc Burrow
10:04 Orc Burrow
19:59 Beastiary
20:00 Beastiary
20:06 Orc Burrow
20:06 Orc Burrow
20:07 Orc Burrow
20:07 Orc Burrow
20:08 Orc Burrow
22:59 Beastiary
23:00 Beastiary
23:01 Orc Burrow
27:49 Watch Tower
27:50 Watch Tower
27:53 Watch Tower
27:54 Watch Tower
27:54 Watch Tower
28:01 Watch Tower
28:02 Watch Tower
28:07 Barracks
28:17 Watch Tower
28:36 Watch Tower
28:37 Watch Tower
42:42 Tauren Totem
42:45 Tauren Totem
42:46 Tauren Totem
42:49 Tauren Totem
59:15 Great Hall
» items
| Healing Salve | 9 | |
| Lesser Clarity Potion | 9 | |
| Scroll of Speed | 4 | |
| Orb of Lightning | 1 | |
| Scroll of Town Portal | 1 | |
| Tiny Great Hall | 3 | |
27 total
Chat log
(00:06 / All) kunt.roII: Mirror Match
(00:07 / Allies) bia-bia-bia: stay?
(00:32 / Allies) bia-bia-bia: gg
(00:38 / All) kunt.roII: GL n HF!
(00:45 / All) bia-bia-bia: mannerplz
(00:47 / All) NoBodyCanRapeMe: hf hf
(01:02 / All) bia-bia-bia: incr3as3 ur p3n0z
(01:29 / All) bia-bia-bia: trade in ur fore$kin 4 ca$h
(01:38 / All) NoBodyCanRapeMe: z
(02:42 / All) NoBodyCanRapeMe: omg
(02:45 / All) NoBodyCanRapeMe: mirror
(02:46 / All) kunt.roII: omg
(02:47 / All) NoBodyCanRapeMe: gay
(02:52 / All) NoBodyCanRapeMe: =))
(02:55 / All) kunt.roII: wtf towers
(02:57 / All) LacKnight: =)
(02:59 / All) kunt.roII: who does this shit
(04:21 / All) kunt.roII: JERK
(04:21 / All) NoBodyCanRapeMe: bb
(04:23 / All) NoBodyCanRapeMe: babe
(05:17 / All) LacKnight: so GAY
(06:18 / All) LacKnight: :))
(06:33 / All) NoBodyCanRapeMe: live gay show
(06:35 / All) kunt.roII: Heh
(06:53 / All) kunt.roII: OMG
(06:56 / All) kunt.roII: NICE HACK?
(07:00 / All) LacKnight: yeah
(07:03 / All) NoBodyCanRapeMe: yes
(07:06 / All) kunt.roII: YES
(07:48 / All) NoBodyCanRapeMe: ohh yeah
(10:02 / Allies) bia-bia-bia: what should ig et
(10:04 / All) kunt.roII: ^^
(12:22 / Allies) bia-bia-bia: which ugy do i kill
(14:19 / Allies) bia-bia-bia: for bats
(16:22 / Allies) bia-bia-bia: lumbers
(20:51 / Allies) bia-bia-bia: i dont think thats worth it
(21:56 / Allies) bia-bia-bia: nope
(25:51 / Allies) bia-bia-bia: think thats a better deal for me
(26:44 / Allies) bia-bia-bia: scan that plz
(27:02 / Allies) bia-bia-bia: i'll tower 10
(27:04 / Allies) bia-bia-bia: someone else take
(28:52 / Allies) bia-bia-bia: should i keep this maks
(29:57 / Allies) bia-bia-bia: fuck
(32:23 / Allies) bia-bia-bia: lumber plz
(34:34 / Allies) bia-bia-bia: this isnt good
(35:22 / Allies) kunt.roII: LOL
(35:37 / All) kunt.roII: pussies
(35:41 / All) kunt.roII: use units after massing towers
(35:43 / All) NoBodyCanRapeMe: go rape
(35:53 / All) LacKnight: Rape
(35:57 / All) kunt.roII: Rape
(36:11 / All) NoBodyCanRapeMe: yeah
(36:14 / All) NoBodyCanRapeMe: u cant rape me
(36:19 / All) kunt.roII: LOL
(38:21 / All) LacKnight: hey
(38:24 / All) LacKnight: make more 1000 tower
(38:28 / All) kunt.roII: kk
(38:31 / All) LacKnight: that not enough
(41:13 / Allies) bia-bia-bia: lil gold
(42:52 / All) NoBodyCanRapeMe: go tauren rape
(42:54 / Allies) bia-bia-bia: y4
(44:06 / Allies) bia-bia-bia: ye
(45:43 / Allies) bia-bia-bia: i need mana god
(47:14 / Allies) bia-bia-bia: this can be aoed
(50:36 / Allies) bia-bia-bia: ugh
(53:30 / Allies) bia-bia-bia: what
(53:41 / Allies) bia-bia-bia: you want me to mine it?
(62:26 / Allies) bia-bia-bia: fuck
(65:23 / Allies) bia-bia-bia: haha
(66:12 / All) NoBodyCanRapeMe: ra
(67:26 / Allies) bia-bia-bia: need to buy a tp
(67:33 / Allies) bia-bia-bia: ok
(74:55 / Allies) bia-bia-bia: let me get 500
(79:14 / Allies) kunt.roII: fedex and ishamal are having a gay sex party
(79:22 / Allies) kunt.roII: they invited good 53x of course
(79:28 / Allies) bia-bia-bia: fed sent me a link to a bodybuilding website today
(79:30 / Allies) MrFrosty: good gay 53x
(79:33 / Allies) bia-bia-bia: bunch of dudes
(79:39 / Allies) MrFrosty: gettin swole
(79:46 / Allies) bia-bia-bia: gettin swole together
(79:47 / Allies) bia-bia-bia: yes
(80:04 / Allies) bia-bia-bia: ha
(80:23 / All) kunt.roII: O_O
(80:27 / All) LacKnight: =))
(80:34 / All) NoBodyCanRapeMe: i hate gay
(80:37 / All) kunt.roII: damn
(80:53 / All) EverlastingScar: sparta.........
(81:05 / All) MrFrosty: you're on the losing side i think
(81:11 / All) LacKnight: i know
(81:20 / All) LacKnight: hate
(81:25 / All) LacKnight: open hack gold
(81:32 / All) LacKnight: cause we have hack gold
(81:33 / All) bia-bia-bia: english please
(81:42 / All) MrFrosty: o m g
(81:45 / All) MrFrosty: hack gold??
(81:48 / All) LacKnight: yes
(81:51 / All) MrFrosty: O M G
(82:27 / All) bia-bia-bia: incr3as3 ur p3n0z
(83:18 / Allies) bia-bia-bia: goin 2 bed soon
(83:25 / Allies) kunt.roII: welp
(84:11 / All) NoBodyCanRapeMe: vkl
(84:22 / All) LacKnight: muhaahahah
(84:24 / All) kunt.roII: HEh
(84:26 / All) LacKnight: =))
(85:04 / All) bia-bia-bia: datz a spicy meatball
(85:31 / All) LacKnight: hey
(85:34 / All) LacKnight: how many tower u have ?
(85:38 / All) bia-bia-bia: 3
(85:41 / All) kunt.roII: over 9000
(85:45 / All) MrFrosty: no its 3
(85:46 / All) LacKnight: wow
(85:50 / All) LacKnight: make more 10000 plz
(85:54 / All) kunt.roII: if i could
(86:00 / All) kunt.roII: I def would
(86:01 / All) MrFrosty: we dont have hack gold unfortuantely
(86:10 / All) LacKnight: we too
(86:22 / All) MrFrosty: we three
(86:45 / All) MrFrosty: you can use that pally you got now
(86:49 / All) MrFrosty: no need to thank me
(87:23 / All) bia-bia-bia: nice horses
(89:05 / All) LacKnight: ok
(89:12 / All) kunt.roII: k
(89:18 / All) bia-bia-bia: k
(89:21 / All) kunt.roII: hokya
(90:33 / All) bia-bia-bia: mad cow disease
(90:38 / All) bia-bia-bia: he didnt have the will to live
(93:14 / All) bia-bia-bia: not a bad go
(95:03 / All) LacKnight: iseedeadpeople
(95:04 / All) LacKnight: warpten
(95:08 / All) LacKnight: whosyourdaddy
(95:21 / All) MrFrosty: you have hack gold
(95:23 / All) kunt.roII: Cheat Enabled
(95:24 / All) MrFrosty: why do you need those?
(95:25 / All) NoBodyCanRapeMe: ye
(95:37 / All) NoBodyCanRapeMe: we are hacker
(95:41 / All) MrFrosty: O M G
(100:16 / Allies) bia-bia-bia: what should i storm
(100:22 / Allies) bia-bia-bia: i gotta go to bed
(101:12 / All) LacKnight: how many game u can play a day ?
(101:14 / All) kunt.roII: 1
(101:17 / All) bia-bia-bia: 3
(101:27 / All) LacKnight: fucking shit plan
(101:33 / All) MrFrosty: you got hack gold
(101:34 / All) bia-bia-bia: qq
(101:44 / All) LacKnight: hack your mom ?
(101:47 / Allies) bia-bia-bia: ye
(101:59 / Allies) bia-bia-bia: what do you want me to do
(102:24 / All) MrFrosty: how do you lose with hack gold?
(102:43 / All) bia-bia-bia: tptp
(102:52 / All) NoBodyCanRapeMe: gg for hack
(102:55 / All) NoBodyCanRapeMe: ^^
(102:58 / All) LacKnight: GG noob
(103:02 / All) bia-bia-bia: "nobody can rape me"
(103:08 / All) NoBodyCanRapeMe: w?
(103:10 / All) NoBodyCanRapeMe: =))
(103:14 / All) NoBodyCanRapeMe: kk
(103:15 / All) kunt.roII: DID YOU REALLY BURN THROUGH 12 OF THE GOLDMINES ON THIS MAP
(103:22 / Allies) kunt.roII: LOLOLOLOLOLOLLOLOLOL0LOLOLOL
(103:27 / All) kunt.roII: lolololOLOLOLOLOLOLololOLolOLLoLolOL
(103:40 / All) LacKnight: gg
(103:42 / All) kunt.roII: Cheat Enabled
(104:07 / All) bia-bia-bia: how did you lose
(104:12 / All) MrFrosty: 2 e z
(104:13 / All) MrFrosty: noobies
(104:15 / All) bia-bia-bia: you had somuch money
(104:24 / All) MrFrosty: you had hack gold
(104:26 / All) MrFrosty: and you lost
(104:47 / All) NoBodyCanRapeMe: hack < so gay
(104:53 / All) NoBodyCanRapeMe: =))
(104:54 / Allies) kunt.roII: what
(104:57 / All) kunt.roII: RAp3
(105:03 / All) MrFrosty: maybe you should replace your hacks with skills
(105:33 / All) kunt.roII: Run lil noobie
(105:42 / Allies) bia-bia-bia: going ot bed
(105:43 / All) MrFrosty: 2 e z lil noobies
(105:45 / Allies) MrFrosty: aite
(105:47 / Allies) MrFrosty: g g
(105:48 / Allies) MrFrosty: bia
(105:59 / Allies) bia-bia-bia: i'll put the bm there
(106:31 / All) NoBodyCanRapeMe: gg